AoeStats
← Irrelevant

Arena

508477764Analyzed
4v4 RM · 10d ago on Sep 22, 2026· 53m 43s· 8 players
Game mode
Random Map
Map size
Large (8 player)
Population
200
Speed
Normal
Resources
Standard
Victory
Conquest
Starting age
Dark Age
Ending age
Imperial Age
RankedLock teamsTeams togetherTeam positionsShared explorationLock speedFull tech treeHidden civsTurbo modeCheats
Victory
Defeat
🇹🇼 Varangians · Taiwan
1596
+19
🇦🇷 Koreans · Argentina
1585
+20
🇫🇮 Saxons · Finland
1530
+22
🇦🇷 Danes · Argentina
1530
+22
🇨🇱 Saxons · Chile
1751
-24
🇦🇷 Bengalis · Argentina
1716
-23
🇲🇽 Varangians · Mexico
1653
-20
🇦🇷 Danes · Argentina
1555
-16
changolango
7:30 Loom
9:27 Feudal Age
11:23 Fletching
17:45 Double-Bit Axe
27:16 Castle Age
27:09 Horse Collar
27:21 Gold Mining
27:21 Stone Mining
28:09 Bodkin Arrow
35:04 Crossbowman
38:36 Bow Saw
38:30 Heavy Plow
39:25 Ballistics
44:09 Thumb Ring
44:16 Town Watch
45:11 Wheelbarrow
49:10 Imperial Age
48:32 Gold Shaft Mining
48:32 Stone Shaft Mining
49:27 Hand Cart
49:12 Town Patrol
49:55 Bracer
51:02 Chemistry
49:31 Arbalester
TheGhostmaster
9:28 Feudal Age
8:19 Loom
9:58 Double-Bit Axe
9:53 Horse Collar
15:20 Castle Age
14:40 Fletching
17:59 Town Watch
21:13 Husbandry
22:20 Wheelbarrow
22:54 Bodkin Arrow
22:59 Padded Archer Armor
23:22 Bloodlines
23:18 Padded Archer Armor
27:19 Thumb Ring
28:21 Hand Cart
28:24 Bow Saw
28:19 Heavy Plow
29:58 Ballistics
33:40 Imperial Age
33:41 Onager
34:58 Siege Onager
36:14 Siege Engineers
38:39 Siege Onager
40:27 Chemistry
Irrelevant
10:25 Feudal Age
11:33 Double-Bit Axe
14:32 Castle Age
12:46 Double-Bit Axe
13:19 Horse Collar
15:36 Bow Saw
16:09 Loom
21:54 Wheelbarrow
21:58 Wheelbarrow
22:04 Wheelbarrow
23:00 Hand Cart
22:48 Stone Mining
22:55 Gold Mining
25:32 Gold Shaft Mining
26:05 Scale Mail Armor
29:26 Imperial Age
27:37 Chain Mail Armor
27:32 Forging
27:47 Squires
27:32 Arson
28:06 Heavy Plow
30:15 Iron Casting
29:31 Fletching
29:43 Town Watch
30:08 Devotion
30:59 Plate Mail Armor
30:06 Shield Wall
30:40 Fletching
32:46 Conscription
32:04 Elite Hearth Troop
33:21 Conscription
32:37 Elite Varangian Guard
34:57 Masonry
34:29 Treadmill Crane
35:03 Masonry
35:14 Ballistics
34:51 Bodkin Arrow
35:12 Man-at-Arms
37:49 Man-at-Arms
38:52 Caravan
39:22 Coinage
39:59 Man-at-Arms
43:23 Bracer
43:57 Architecture
44:40 Padded Archer Armor
47:47 Hoardings
47:29 Siege Engineers
48:12 Onager
49:58 Fortified Wall
50:49 Chemistry
49:42 Gambesons
49:50 Pikeman
52:24 Capped Ram
52:44 Halberdier
54:26 Crop Rotation
TAG_Wayne
10:36 Feudal Age
12:05 Double-Bit Axe
14:22 Castle Age
12:20 Horse Collar
15:24 Bow Saw
15:32 Heavy Plow
18:29 Loom
22:12 Wheelbarrow
24:24 Hand Cart
28:45 Imperial Age
27:07 Scale Mail Armor
27:18 Forging
27:17 Gold Mining
27:17 Stone Mining
27:27 Town Watch
27:58 Squires
29:01 Chain Mail Armor
29:00 Gothikon
29:16 Elite Varangian Guard
31:15 Plate Mail Armor
32:55 Iron Casting
33:21 Arson
34:37 Blast Furnace
33:28 Fletching
34:01 Conscription
36:30 Gambesons
36:21 Gothikon
37:31 Town Patrol
37:44 Guilds
37:57 Bodkin Arrow
37:46 Treadmill Crane
38:17 Masonry
38:29 Ballistics
40:35 Architecture
40:14 Siege Engineers
41:04 Crop Rotation
41:54 Two-Man Saw
41:38 Devotion
43:39 Caravan
44:43 Coinage
45:56 Bracer
46:27 Architecture
47:00 Chemistry
46:51 Murder Holes
47:31 Fortified Wall
52:53 Capped Ram
DGHIR | Qeetsa
11:13 Feudal Age
13:00 Double-Bit Axe
15:23 Castle Age
14:04 Loom
15:41 Town Watch
21:08 Bow Saw
28:37 Imperial Age
26:34 Fletching
26:59 Horse Collar
27:49 Bodkin Arrow
28:13 Scale Barding Armor
28:19 Heavy Plow
29:05 Bodkin Arrow
30:00 Masonry
35:08 Chain Barding Armor
35:25 Forging
35:24 Stone Mining
35:25 Gold Mining
36:11 Wheelbarrow
37:04 Vendel Legacy
38:17 Bloodlines
38:08 Husbandry
39:33 Conscription
39:15 Bracer
43:27 Elite Jarl
45:54 Plate Barding Armor
46:52 Light Cavalry
48:32 Iron Casting
50:30 Chemistry
49:50 Ballistics
49:08 Hussar
49:16 Heavy Mounted Crossbowman
49:17 Cranequins
50:02 Padded Archer Armor
51:02 Blast Furnace
DGHIR | chanchilaru
6:06 Loom
8:27 Feudal Age
13:10 Double-Bit Axe
13:18 Fletching
15:06 Horse Collar
22:30 Castle Age
20:59 Gold Mining
27:17 Scale Mail Armor
31:42 Imperial Age
30:25 Stone Mining
31:29 Chain Mail Armor
34:32 Plate Mail Armor
38:37 Wheelbarrow
40:10 Hand Cart
39:18 Elite Varangian Guard
39:59 Squires
39:44 Arson
39:45 Gambesons
40:28 Forging
40:41 Conscription
41:23 Shield Wall
42:50 Iron Casting
44:09 Conscription
Venami | Agente P1T0 007 Cm
10:43 Feudal Age
14:29 Castle Age
12:17 Double-Bit Axe
12:36 Horse Collar
15:23 Bow Saw
15:13 Heavy Plow
23:17 Wheelbarrow
25:02 Gold Mining
25:02 Stone Mining
26:36 Gold Shaft Mining
27:21 Hand Cart
30:25 Imperial Age
27:48 Loom
27:49 Town Watch
28:07 Scale Mail Armor
29:02 Forging
29:07 Chain Mail Armor
29:08 Masonry
29:26 Ballistics
29:45 Masonry
29:34 Murder Holes
29:30 Guard Tower
29:31 Fletching
29:42 Padded Archer Armor
29:47 Scale Barding Armor
30:30 Iron Casting
29:25 Hamask
29:57 Pikeman
30:37 Squires
30:23 Arson
30:33 Gambesons
30:08 Man-at-Arms
30:51 Heavy Scorpion
32:33 Chemistry
32:02 Conscription
32:17 Hoardings
32:26 Siege Engineers
31:52 Halberdier
33:04 Plate Mail Armor
34:16 Coinage
36:46 Banking
37:09 Caravan
40:15 Blast Furnace
39:35 Chain Barding Armor
39:10 Bodkin Arrow
39:31 Leather Archer Armor
41:05 Bracer
41:41 Plate Barding Armor
40:48 Long Swordsman
40:49 Elite Varangian Guard
43:04 Stone Shaft Mining
43:22 Ring Archer Armor
DGHIR | LuckY Gui3
10:55 Feudal Age
12:34 Double-Bit Axe
14:56 Castle Age
13:32 Horse Collar
15:54 Bow Saw
15:41 Loom
21:05 Wheelbarrow
21:13 Wheelbarrow
22:59 Hand Cart
23:12 Heavy Plow
26:21 Sanctity
26:06 Stone Mining
26:06 Gold Mining
29:11 Imperial Age
26:29 Town Watch
27:46 Fervor
28:35 Redemption
29:15 Gold Shaft Mining
29:37 Masonry
30:20 Illumination
30:11 Block Printing
30:38 Theocracy
29:40 Siege Elephant
31:50 Siege Engineers
33:48 Conscription
34:10 Mahayana
35:21 Squires
35:06 Arson
34:42 Pikeman
35:26 Scale Mail Armor
35:36 Forging
39:01 Guilds
39:03 Fletching
47:32 Heavy Scorpion
50:17 Chemistry
49:37 Ballistics
Connection lost

Rejoining the realm…

Still unreachable

The connection could not be restored.

Session expired

The server has moved on; the page needs a fresh start.